 Dungeon Crawl Stone Soup version 0.18.1-50-g88ac8fd (webtiles) character file.

8651 tyranidshit the Fighter (level 11, 0/93 HPs)
             Began as a Demonspawn Abyssal Knight on Sept 22, 2016.
             Was an Elder of Lugonu.
             Killed by a spatial distortion (3 damage)
             ... on level 2 of the Lair of Beasts.
             The game lasted 00:29:00 (7337 turns).

tyranidshit the Fighter (Demonspawn Abyssal Knight) Turns: 7337, Time: 00:29:00

Health: 0/93       AC: 20    Str: 20    XL:     11   Next: 12%
Magic:  1/17       EV: 11    Int: 13    God:    Lugonu [****..]
Gold:   448        SH:  2    Dex: 14    Spells: 0 memorised, 10 levels left

rFire  + . .     SeeInvis +     f - +1 double sword of the Hidden Wonders {venom, *Drain Str+5 Stlth-}
rCold  . . .     Gourm    .     M - +2 ring mail of the Guild-Master {SInv}
rNeg   . . .     Faith    .     (no shield)
rPois  .         Spirit   .     (helmet unavailable)
rElec  .         Dismiss  .     O - +1 cloak
rCorr  .         Reflect  .     e - +2 pair of gloves
SustAt .         Harm     .     E - +0 pair of boots
MR     +....                    (no amulet)
Stlth  ..........               t - +2 ring of protection
                                q - ring of protection from fire

@: flying, somewhat resistant to hostile enchantments, extremely unstealthy
A: horns 3, talons 1, large bone plates 1, blurry vision 1, low mp 1, magic
resistance 1, powered by death 1, regeneration 1, spiny 1
a: Depart the Abyss, Bend Space, Banish, Corrupt, Renounce Religion


You were on level 2 of the Lair of Beasts.
You worshipped Lugonu.
Lugonu was greatly pleased with you.
You were not hungry.

You visited 2 branches of the dungeon, and saw 11 of its levels.
You visited the Abyss 2 times.
You also visited: Sewer and Ossuary.

You collected 721 gold pieces.
You spent 273 gold pieces at shops.

Inventory:

Hand Weapons
 a - a +2 hand axe
 f - the +1 double sword of the Hidden Wonders (weapon) {venom, *Drain Str+5 Stlth-}
   (You acquired it on level 1 of the Dungeon)

   It poisons the flesh of those it strikes.
   It affects your strength (+5).
   It causes draining when unequipped.
   It makes you less stealthy.
 n - a +0 blowgun
 J - a cursed +3 battleaxe
Missiles
 b - 2 throwing nets (quivered)
 i - 3 needles of sleeping
 o - 24 poisoned needles
Armour
 e - a +2 pair of gloves (worn)
 p - a +0 scale mail
 u - a +0 chain mail
 E - a +0 pair of boots (worn)
 L - a +0 hat of magic resistance
 M - the +2 ring mail of the Guild-Master (worn) {SInv}
   (You bought it in a shop on level 7 of the Dungeon)

   It lets you see invisible.
 O - a +1 cloak (worn)
Jewellery
 g - an uncursed ring of ice
 l - an uncursed ring of positive energy
 q - a ring of protection from fire (left hand)
 t - a +2 ring of protection (right hand)
Wands
 c - a wand of flame (43/48)
 A - a wand of lightning (3/15)
 D - a wand of polymorph (17/24)
 F - a wand of flame (25/48)
Scrolls
 s - 7 scrolls of remove curse
 v - 3 scrolls of amnesia
 x - 4 scrolls of fog
 y - 3 scrolls of teleportation
 z - 3 scrolls of magic mapping
 K - 6 scrolls of enchant weapon
 P - 3 scrolls of identify
 R - a scroll of recharging
 T - a scroll of silence {unknown}
Potions
 d - a potion of cancellation {unknown}
 j - 3 potions of agility
 k - 3 potions of curing
 w - 2 potions of flight
 B - a potion of magic
 C - a potion of invisibility
 I - a potion of might
Books
 r - a book of Envenomations

   Spells                             Type                      Level
   a - Spider Form                    Transmutation/Poison         3
   b - Olgreb's Toxic Radiance        Poison                       4
   c - Alistair's Intoxication        Transmutation/Poison         5
   d - Poisonous Cloud                Conjuration/Poison/Air       6
 H - a book of Maledictions

   Spells                             Type                      Level
   a - Corona                         Hexes                        1
   b - Ensorcelled Hibernation        Hexes/Ice                    2
   c - Confuse                        Hexes                        3
   d - Tukima's Dance                 Hexes                        3
   e - Dazzling Spray                 Conjuration/Hexes            3
 Q - a book of Air

   Spells                             Type                      Level
   a - Shock                          Conjuration/Air              1
   b - Swiftness                      Charms/Air                   2
   c - Repel Missiles                 Charms/Air                   2
   d - Static Discharge               Conjuration/Air              3
   e - Lightning Bolt                 Conjuration/Air              5
Comestibles
 h - 5 bread rations
 m - a royal jelly
 G - 28 fruits
 N - 2 beef jerkies
 S - a slice of pizza


   Skills:
 - Level 11.3 Fighting
 - Level 1.7 Axes
 - Level 10.1 Armour
 - Level 0.8 Dodging
 + Level 10.6 Invocations


You had 10 spell levels left.
You didn't know any spells.

Dungeon Overview and Level Annotations

Branches:
Dungeon (9/15)             Temple (0/1) D:6            Lair (2/8) D:8
    Orc (0/2) D:9

Altars:
Gozag
Makhleb
Zin

Shops:
D:6 }   D:7 :[

Annotations:
Lair:2 exclusion: ice statue


Innate Abilities, Weirdness & Mutations

You have a pair of large horns on your head.
You are partially covered in large bone plates (AC +2, SH +2).
You regenerate a little health from kills.
You are partially covered in sharp spines.
You have sharp toenails.
Scrolls take you a little longer to read.
Your magical capacity is low (-10% MP).
You are resistant to hostile enchantments.
Your natural rate of healing is unusually fast.


Message History

The ice statue glitters chillingly in the dim dungeon light.
The ice beast closely misses you. The ice beast is struck by your spines.
The ice beast barely misses you. The ice beast is struck by your spines.
The ice beast hits you but does no damage.
Space bends around you!
You blink.
* * * LOW HITPOINT WARNING * * *
You feel slightly more hungry. Space bends sharply around you!
The ice beast blinks!
You blink.
* * * LOW HITPOINT WARNING * * *
You feel slightly more hungry.
The ice devil hits you but does no damage.
You don't have enough magic at the moment.
Unknown command.
The ice statue gestures at you. The shard of ice hits you!
* * * LOW HITPOINT WARNING * * *
The ice beast closely misses you.
The ice devil hits you but does no damage.
Space bends sharply around you!
The ice devil blinks!
You blink.
You die...

.......≈ ≈≈≈≈≈≈≈≈≈≈≈≈≈≈≈≈..#.....
...........≈≈≈/$$$≈≈≈≈≈≈.......>.
.........≈≈≈≈≈(8§Y≈≈≈≈≈..........
........≈≈≈≈≈≈:YY§≈≈≈≈≈≈.........
........≈.≈≈≈≈≈≈≈Y≈≈≈≈Y.≈..P#....
........≈.≈≈≈≈≈≈≈≈≈≈YY.≈....##...
......≈≈...≈≈≈≈≈≈≈≈≈≈.4..≈≈## ...
......≈.≈.≈≈≈≈≈≈≈≈≈≈≈≈..≈.≈# ..
......≈≈≈..≈≈≈≈.@≈≈≈≈.≈≈≈≈.#
.......≈≈≈≈$.........≈≈≈≈.##
......⌠.≈≈≈..........≈≈≈.⌠P#
.........<............#...... ...
.....................#....### ...
.....................##..## ...
.....................P .P #.P
.(............#........ ... ...
......... ...


You could see an ice statue, an ice devil and 7 ice beasts.

Vanquished Creatures
  The ghost of Scuka the Transmogrifier, a journeyman DrTm of Okawaru (Lair:1)
  The ghost of Scuka the Changer, a novice DrTm of Okawaru (D:5)
  A spiny frog (Lair:1)
  4 komodo dragons
  A polar bear (Lair:2)
  A troll (D:9)
  Grinder (D:6)
  A yak (D:8)
  2 hippogriffs (D:9)
  Menkaure (D:4)
  Edmund (D:4)
  4 water moccasins
  2 porcupines (Lair:1)
  4 ice beasts
  A sky beast (D:9)
  A wasp (D:8)
  A phantom (D:5)
  5 wolves
  7 ogres
  2 centaurs (D:8)
  4 crocodiles
  Blork the orc (D:4)
  2 big kobolds
  5 giant frogs
  An elf zombie (Ossuary)
  2 scorpions
  5 wights (D:7)
  2 crimson imps (D:5)
  A jelly (D:9)
  A centaur zombie (Ossuary)
  3 hounds
  3 orc wizards
  A human zombie (Ossuary)
  6 orc priests
  A centaur skeleton (D:6)
  Jessica (D:3)
  5 iguanas
  5 worker ants
  A sheep (D:8)
  A big kobold zombie (Ossuary)
  3 hound skeletons
  2 mummies (Ossuary)
  11 gnolls
  13 adders
  15 river rats
  3 shadow imps
  A white imp (Lair:2)
  3 oozes
  An adder skeleton (D:5)
  8 worms
  4 dart slugs
  4 giant geckos
  18 orcs
  5 ball pythons
  4 giant cockroaches
  7 goblins
  7 hobgoblins
  10 jackals
  A quokka (D:3)
  A ball python zombie (D:5)
  8 bats
  A giant gecko skeleton (D:8)
  4 giant newts
  4 goblin zombies (Ossuary)
  9 hobgoblin zombies (Ossuary)
  A jackal zombie (D:8)
  15 kobolds
  10 kobold zombies (Ossuary)
  6 orc zombies (Ossuary)
  A quokka skeleton (D:5)
  A quokka zombie (D:9)
  11 rats
  3 rat zombies (Ossuary)
288 creatures vanquished.

Notes
Turn   | Place    | Note
--------------------------------------------------------------
     0 | Abyss:1  | tyranidshit the Demonspawn Abyssal Knight began the quest for the Orb.
     0 | Abyss:1  | Reached XP level 1. HP: 18/18 MP: 2/2
    80 | Abyss:2  | Found a corrupted altar of Lugonu.
   140 | Abyss:2  | Noticed a giant orange brain
   146 | D:1      | Escaped the Abyss
   223 | D:1      | Identified a scroll of acquirement
   224 | D:1      | Got an iridescent double sword
   225 | D:1      | Identified the +1 double sword of the Hidden Wonders {venom, *Drain Str+5 Stlth-} (You acquired it on level 1 of the Dungeon)
   269 | D:1      | Gained mutation: You are partially covered in sharp spines. [demonic ancestry]
   269 | D:1      | Reached XP level 2. HP: 11/24 MP: 3/3
   540 | D:1      | Reached ** piety under Lugonu
   617 | D:1      | Reached skill level 4 in Fighting
   819 | D:2      | Reached XP level 3. HP: 14/30 MP: 4/4
   820 | D:2      | HP: 1/31 [gnoll/club (10)]
  1042 | D:2      | Reached XP level 4. HP: 33/38 MP: 5/5
  1087 | D:2      | Reached skill level 5 in Fighting
  1438 | D:2      | Reached *** piety under Lugonu
  1814 | D:3      | Reached XP level 5. HP: 32/46 MP: 6/6
  1931 | D:3      | Noticed Jessica
  1940 | D:3      | Killed Jessica
  1940 | D:3      | Reached skill level 6 in Fighting
  2162 | D:3      | Found a burning altar of Makhleb.
  2162 | D:3      | Noticed an Executioner
  2166 | D:3      | Noticed a ynoxinul
  2166 | D:3      | Noticed an orange demon
  2276 | D:4      | Gained mutation: You are partially covered in large bone plates (AC +2, SH +2). [demonic ancestry]
  2276 | D:4      | Reached XP level 6. HP: 8/53 MP: 8/8
  2459 | D:4      | Noticed Blork the orc
  2465 | D:4      | Killed Blork the orc
  2506 | D:4      | Noticed Menkaure
  2509 | D:4      | Killed Menkaure
  2509 | D:4      | Reached skill level 7 in Fighting
  2509 | D:4      | Reached skill level 5 in Invocations
  2531 | D:4      | Gained mutation: You have a pair of small horns on your head. [demonic ancestry]
  2531 | D:4      | Reached XP level 7. HP: 49/60 MP: 10/10
  2536 | D:4      | Reached **** piety under Lugonu
  2765 | D:4      | Noticed Edmund
  2774 | D:4      | Killed Edmund
  2774 | D:4      | Reached skill level 8 in Fighting
  2974 | D:5      | Entered Level 5 of the Dungeon
  3002 | D:5      | Reached skill level 9 in Fighting
  3036 | D:5      | Gained mutation: You regenerate a little health from kills. [demonic ancestry]
  3036 | D:5      | Reached XP level 8. HP: 21/71 MP: 11/11
  3146 | D:5      | Found a glowing drain.
  3150 | Sewer    | Entered a sewer
  3274 | Sewer    | Reached skill level 10 in Fighting
  3687 | D:5      | Noticed Scuka's ghost (novice DrTm)
  3693 | D:5      | Killed Scuka's ghost
  3693 | D:5      | Reached skill level 11 in Fighting
  3759 | D:5      | Reached ***** piety under Lugonu
  3853 | D:6      | Found a glowing silver altar of Zin.
  3868 | D:6      | Found a sand-covered staircase.
  3912 | Ossuary  | Entered an ossuary
  4140 | D:6      | Gained mutation: Your magical capacity is low (-10% MP). [potion of mutation]
  4140 | D:6      | Gained mutation: Scrolls take you a little longer to read. [potion of mutation]
  4140 | D:6      | Gained mutation: Your natural rate of healing is unusually fast. [potion of mutation]
  4141 | D:6      | Gained mutation: You have sharp toenails. [potion of mutation]
  4141 | D:6      | Gained mutation: You are resistant to hostile enchantments. [potion of mutation]
  4202 | D:6      | Reached XP level 9. HP: 81/81 MP: 11/11
  4234 | D:6      | Found a staircase to the Ecumenical Temple.
  4260 | D:6      | Noticed Grinder
  4272 | D:6      | Killed Grinder
  4319 | D:6      | Noticed a troll
  4568 | D:6      | Found Ryhawiast's Gadget Boutique.
  4766 | D:7      | Reached skill level 5 in Armour
  4805 | D:7      | Found Cuxilout's Antique Armour Shop.
  4818 | D:7      | Bought a glowing hat for 84 gold pieces
  4818 | D:7      | Bought a dazzling ring mail for 189 gold pieces
  4833 | D:7      | Identified the +2 ring mail of the Guild-Master {SInv} (You bought it in a shop on level 7 of the Dungeon)
  5038 | D:7      | Found Enoob's Book Boutique.
  5312 | D:8      | Found a staircase to the Lair.
  5321 | D:8      | Reached ****** piety under Lugonu
  5390 | D:8      | Found an opulent altar of Gozag.
  5900 | D:9      | Found a staircase to the Orcish Mines.
  5990 | D:9      | Gained mutation: You have a pair of horns on your head. [demonic ancestry]
  5990 | D:9      | Reached XP level 10. HP: 86/88 MP: 12/12
  6433 | Lair:1   | Entered Level 1 of the Lair of Beasts
  6466 | Lair:1   | Noticed Scuka's ghost (journeyman DrTm)
  6487 | Lair:1   | Killed Scuka's ghost
  6566 | Lair:1   | Noticed a spiny frog
  6577 | Lair:1   | Killed a spiny frog
  6577 | Lair:1   | Reached skill level 10 in Armour
  7032 | Lair:2   | Gained mutation: You have a pair of large horns on your head. [demonic ancestry]
  7032 | Lair:2   | Reached XP level 11. HP: 52/93 MP: 16/16
  7280 | Lair:2   | Reached skill level 10 in Invocations
  7331 | Abyss:1  | Noticed a tentacled starspawn
  7333 | Lair:2   | Escaped the Abyss
  7336 | Lair:2   | HP: 3/93 [ice statue/shard of ice (5)]
  7337 | Lair:2   | Killed by a spatial distortion

Skill      XL: |  1  2  3  4  5  6  7  8  9 10 11 |
---------------+----------------------------------+-----
Fighting       | 4 5 6 7 9 11 | 11.3
Invocations    | 3 5 9 10 | 10.6
Armour         | 2 8 10 | 10.1
Axes           | |  1.7
Dodging        | |  0.8

Action                   |  1- 3 |  4- 6 |  7- 9 | 10-12 || total
-------------------------+-------+-------+-------+-------++-------
Melee: Double sword      |    30 |    71 |   305 |   151 ||   557
       Hand axe          |     6 |       |       |       ||     6
       Headbutt          |       |       |    47 |    26 ||    73
       Kick              |       |       |    30 |    12 ||    42
Invok: Bend Space        |       |       |       |     3 ||     3
       Depart the Abyss  |       |       |       |     1 ||     1
       Enter the Abyss   |       |       |       |     1 ||     1
  Use: Scroll            |     5 |     4 |    11 |     5 ||    25
       Potion            |     1 |     4 |     3 |     6 ||    14
  Eat: Bread ration      |       |     1 |       |       ||     1
       Pizza             |       |     1 |       |       ||     1
       Meat ration       |       |       |     3 |     1 ||     4
Armor: Leather armour    |    23 |     9 |       |       ||    32
       Ring mail         |       |     5 |    42 |   120 ||   167
       Chain mail        |       |     5 |   167 |       ||   172
Dodge: Dodged            |    39 |    46 |   143 |   144 ||   372
Block: Other             |       |     2 |    20 |    26 ||    48
